 Dungeon Crawl Stone Soup version 0.31.0-12-g77e489cdc1 (webtiles) character file.

Game seed: 10477404209407925869

63 DildoBatman the Conjurer (level 4, -16/32 HPs)
             Began as a Formicid Conjurer on Feb 11, 2024.
             Demolished by a kobold
             ... wielding a +2 whip of electrocution
              (20 damage)
             ... on level 3 of the Dungeon.
             The game lasted 00:09:13 (1509 turns).

DildoBatman the Conjurer (Formicid Conjurer)        Turns: 1509, Time: 00:09:14

Health: -16/32     AC:  9    Str: 11    XL:     4   Next: 30%
Magic:  6/7        EV: 10    Int: 20    God:
Gold:   77         SH:  0    Dex: 12    Spells: 5/8 levels left

rFire   . . .        d - +2 short sword (vamp)
rCold   + . .        (no shield)
rNeg    . . .        n - +1 ring mail of the Untouchables {rPois rC+ Regen+}
rPois   +            (helmet unavailable)
rElec   .            (no cloak)
rCorr   .            (no gloves)
SInv    +            l - +2 pair of boots
Will    .....        (no amulet)
Stlth   +            (no ring)
HPRegen 1.05/turn    (no ring)
MPRegen 0.10/turn

%: no passive effects
@: no status effects
A: permanent stasis, dig shafts and tunnels, antennae 3, four strong arms
a: Dig, Shaft Self


You were on level 3 of the Dungeon.
You visited 1 branch of the dungeon, and saw 3 of its levels.

You collected 77 gold pieces.

Inventory:

Hand Weapons
 d - a +2 vampiric short sword (weapon)
Missiles
 a - 2 boomerangs
 o - 2 atropa-tipped darts
Armour
 e - a +2 ring mail of fire resistance
 l - a +2 pair of boots (worn)
 n - the +1 ring mail of the Untouchables (worn) {rPois rC+ Regen+}
   (You found it on level 2 of the Dungeon)

   rC+:       It protects you from cold.
   rPois:     It protects you from poison Regen+: It increases your rate of
   health regeneration.
Scrolls
 c - a scroll of revelation {unknown}
 f - a scroll of noise {unknown}
 h - a scroll of poison {unknown}
 j - a scroll of immolation {unknown}
 k - a scroll of blinking {unknown}
 m - a scroll of teleportation {unknown}
 p - a scroll of fear {unknown}
Potions
 b - a potion of magic
 g - a potion of heal wounds {unknown}
 i - a potion of lignification {unknown}
 q - a potion of mutation {unknown}
 r - a potion of curing {unknown}


   Skills:
 + Level 1.4 Fighting
 + Level 1.2 Armour
 + Level 2.2 Dodging
 + Level 3.1 Stealth
 + Level 2.6 Spellcasting
 + Level 3.9 Conjurations


You had 5 spell levels left.
You knew the following spells:

 Your Spells              Type           Power      Damage    Failure   Level
a - Searing Ray           Conj           36%        2d5       11%         2
c - Magic Dart            Conj           72%        1d6       7%          1

Your spell library contained the following spells:

 Spells                   Type           Power      Damage    Failure   Level
 Sting                    Conj/Alch      40%        1d5       16%         1
 Apportation              Tloc           4%         N/A       34%         1
 Necrotise                Necr           8%         1d4       34%         1
 Summon Small Mammal      Summ           8%         N/A       34%         1
 Fulminant Prism          Conj/Alch      5%         3d7       83%         4
 Iskenderun's Mystic Bla  Conj/Tloc      10%        2d4       83%         4


Dungeon Overview and Level Annotations

Branches:
Dungeon (3/15)

Altars:

Annotations:
D:3 Jessica


Innate Abilities, Weirdness & Mutations

You cannot be hasted, slowed, berserked, paralysed or teleported.
You can dig through walls and to a lower floor.
You have a pair of large antennae on your head. (SInv)
Your four strong arms can wield two-handed weapons with a shield.


Message History

You hear a shout!
Found 4 stones.
An orc comes into view. It is wielding a +0 trident.
The orc hits you but does no damage.
You completely miss the kobold.
The kobold hits you with a +2 whip of electrocution.
The orc completely misses you.
You hit the kobold but do no damage. The kobold completely misses you.
The orc hits you but does no damage.
You hit the kobold.
The kobold is moderately wounded.
The kobold hits you with a +2 whip of electrocution.
The orc misses you.
You closely miss the kobold.
The kobold is moderately wounded.
The kobold hits you but does no damage.
You are electrocuted!
The orc hits you but does no damage.
You hit the kobold but do no damage.
The kobold is moderately wounded.
The kobold hits you but does no damage. The orc hits you but does no damage.
You closely miss the kobold. The kobold closely misses you.
The orc hits you from afar with a +0 trident!
You hit the kobold but do no damage. The kobold hits you but does no damage.
You are electrocuted!
The orc barely misses you.
Casting: Magic Dart (safe; 7% risk of failure)
Confirm with . or Enter, or press ? or * to list all spells.
Aiming: Magic Dart (safe; 7% risk of failure)
Press: ? - help, Shift-Dir - straight line, f - kobold
Aim: a kobold, wielding a +2 whip of electrocution (100% to hit)
The magic dart hits the kobold but does no damage.
The kobold hits you but does no damage.
You are electrocuted!!
Ouch! That really hurt!
You die...

.... ..........!.....
....####...........o.
#.#........##.K# ...
#............#.##?##.#
#..........#.#.......#
...††......#.........(
............##.#...##
#..............###o###..
#......####.##.K@.......
######..##..#####..####.
...........## .##
..#####..#.[#####..
##.#.....<....
##.............
#...............
##.....†..........
######<.........^..


You could see an orc and a kobold.

Vanquished Creatures
  An adder (D:3)
  A ribbon worm (D:2)
  2 ball pythons
  5 bats
  An endoplasm (D:1)
  5 giant cockroaches
  2 goblins (D:1)
  9 hobgoblins
  6 jackals
  5 kobolds
  A quokka (D:1)
  3 frilled lizards
  A rat (D:2)
42 creatures vanquished.

Notes
Turn   | Place    | Note
-------+----------+-------------------------------------------
     0 | D:1      | DildoBatman the Formicid Conjurer began the quest for the
                  | Orb.
     0 | D:1      | Reached XP level 1. HP: 13/13 MP: 3/3
   129 | D:1      | Reached XP level 2. HP: 17/20 MP: 5/5
   144 | D:1      | Learned a level 2 spell: Searing Ray
   299 | D:1      | Reached XP level 3. HP: 25/25 MP: 6/6
   372 | D:1      | Reached skill level 1 in Armour
   406 | D:1      | Reached skill level 1 in Fighting
   741 | D:2      | Identified the +1 ring mail of the Untouchables {rPois rC+
                  | Regen+}
  1342 | D:2      | Reached XP level 4. HP: 32/32 MP: 7/7
  1489 | D:3      | Noticed Jessica
  1509 | D:3      | Demolished by a kobold

Illustrated notes

Levels and vault maps discovered:
D:1:      dpeg_arrival_pits, layout_basic, nrook_campfire
D:2:      layout_loops_ring, grunt_decor_resistance
D:3:      layout_rooms, wad_rectangle_vault, uniq_crazy_yiuf_cottage,
          uniq_terence, uniq_jessica

Skill      XL: |  1  2  3 |
---------------+----------+-----
Dodging        | 2 |  2.2
Armour         | 1 |  1.2
Fighting       | 1 |  1.4
Stealth        | 3 |  3.1
Spellcasting   | |  2.6
Conjurations   | |  3.9

Action                     |  1- 3 |  4- 6 || total
---------------------------+-------+-------++-------
  Melee: Short sword       |   153 |    36 ||   189
         Punch             |     2 |       ||     2
   Cast: Magic Dart        |     6 |     1 ||     7
   Stab: Sleeping          |     1 |       ||     1
 Armour: Robe              |     2 |       ||     2
         Ring mail         |    88 |    29 ||   117
  Dodge: Dodged            |   122 |    22 ||   144
